 Dungeon Crawl Stone Soup version 0.30-a0-939-gc8157cb160 (webtiles) character file.

Game seed: 5672311469859518776

966 cheesebisquit the Arsonist (level 7, 0/50 HPs)
             Began as a Black Draconian Fire Elementalist on Mar 25, 2023.
             Slain by a gnoll bouda
             ... wielding a +0 club
              (2 damage)
             ... on level 5 of the Dungeon.
             The game lasted 00:19:28 (4635 turns).

cheesebisquit the Arsonist (DrFE)                   Turns: 4635, Time: 00:19:29

Health: 0/50       AC:  7    Str: 11    XL:     7   Next: 93%
Magic:  7/14       EV: 12    Int: 17    God:
Gold:   206        SH:  0    Dex: 11    Spells: 3/16 levels left

rFire   . . .      SeeInvis .    (no weapon)
rCold   . . .      Faith    .    (no shield)
rNeg    + . .      Spirit   .    (body armour unavailable)
rPois   .          Reflect  .    (helmet restricted)
rElec   +          Rampage  .    (no cloak)
rCorr   .                        r - +0 pair of gloves
Will    .....                    (no boots)
Stlth   ++                       k - amulet of magic regeneration
HPRegen 0.28/turn                s - ring of positive energy
MPRegen 0.54/turn                (no ring)

@: no status effects
A: breathe lightning, AC +6, unfitting armour, electricity resistance,
cold-blooded
a: Breathe Lightning


You were on level 5 of the Dungeon.
You visited 1 branch of the dungeon, and saw 5 of its levels.

You collected 206 gold pieces.

Inventory:

Hand Weapons
 t - a +0 club
Armour
 r - a +0 pair of gloves (worn)
Jewellery
 k - an amulet of magic regeneration (around neck)
 n - an amulet of reflection
 s - a ring of positive energy (left hand)
Wands
 o - a wand of charming (8)
 p - a wand of polymorph (6)
Scrolls
 b - 2 scrolls of fog {unknown}
 d - 3 scrolls of enchant armour {unknown}
 f - 2 scrolls of poison {unknown}
 g - 6 scrolls of identify {unknown}
 i - 2 scrolls of silence {unknown}
 l - 3 scrolls of teleportation {unknown}
Potions
 a - a potion of magic
 c - 4 potions of curing {unknown}
 e - a potion of haste
 h - 2 potions of degeneration {unknown}
 j - a potion of cancellation {unknown}
 m - a potion of might {unknown}
 q - 3 potions of brilliance


   Skills:
 - Level 1.7 Dodging
 - Level 1.7 Stealth
 + Level 5.1 Spellcasting
 - Level 1.0 Conjurations
 * Level 8.1 Fire Magic


You had 3 spell levels left.
You knew the following spells:

 Your Spells              Type           Power      Damage    Failure   Level
a - Foxfire               Conj/Fire      76%        2x1d7     2%          1
b - Flame Wave            Conj/Fire      19%        2d7       22%         4
c - Inner Flame           Hex/Fire       18%        N/A       8%          3
d - Kindle Blastsparks    Fire/Tloc/Air  26%        2d12      14%         3
z - Scorch                Fire           62%        2d8       1%          2

Your spell library contained the following spells:

 Spells                   Type           Power      Damage    Failure   Level
 Slow                     Hex            16%        N/A       14%         1
 Confusing Touch          Hex            4%         N/A       38%         3
 Vampiric Draining        Necr           4%         2d6       38%         3


Dungeon Overview and Level Annotations

Branches:
Dungeon (5/15)
 Temple: D:4-7

Altars:
Ashenzari
Fedhas
Hepliaklqana
Makhleb
Okawaru
Uskayaw

Shops:
D:1 *


Innate Abilities, Weirdness & Mutations

You can breathe wild blasts of lightning.
Your glossy black scales are hard. (AC +6)
You cannot fit into any form of body armour.
You are resistant to electric shocks. (rElec)
You are cold-blooded and may be slowed by cold attacks.


Message History

The gnoll hits you from afar with a +0 halberd!
The gnoll hits you but does no damage.
You conjure some foxfire!
The foxfire hits the quokka.
The quokka is severely wounded.
The gnoll misses you. The gnoll hits you but does no damage.
The gnoll misses you.
The gnoll bouda hits you with a +0 club!
Casting: Foxfire (safe; 2% risk of failure)
Confirm with . or Enter, or press ? or * to list all spells.
Flames lash the gnoll.
The gnoll is burned terribly!
You kill the gnoll!
The foxfire hits the gnoll bouda.
The gnoll bouda resists.
The gnoll bouda is lightly wounded.
The gnoll misses you. The gnoll closely misses you.
The gnoll bouda barely misses you. The quokka bites you.
You conjure some foxfire!
The gnoll hits you with a +0 spear. The gnoll barely misses you.
The gnoll bouda hits you with a +0 club!
The quokka barely misses you.
Casting: Foxfire (safe; 2% risk of failure)
Confirm with . or Enter, or press ? or * to list all spells.
Flames lash the gnoll.
The gnoll is almost dead.
The gnoll's fire resistance burns away.
The foxfire hits the quokka.
The quokka is almost dead.
The foxfire hits the quokka.
You kill the quokka!
The gnoll bouda barely misses you.
The gnoll hits you from afar with a +0 halberd!
* * * LOW HITPOINT WARNING * * *
The gnoll barely misses you.
You are too injured to fight recklessly!
Casting: Foxfire (safe; 2% risk of failure)
Press: ? - help, Q - select action, (/) - cycle Dir - look around, f - activate You conjure some foxfire!
The gnoll closely misses you.
The gnoll hits you from afar with a +0 halberd!
* * * LOW HITPOINT WARNING * * *
The gnoll bouda hits you with a +0 club.
You die...

.. ## ... .###. .###. .##
# ##.#. .#.###.### #...#
#...#...## #
#...#####...#...## #.
#...#...#...#...#.
#.###.#.....#.###.#..
##g)v###...###...##..
#..g@.#.###.#.....#.)
#...#.gv#...#...#...#.รท.
# #####...#...#####...
#...#...#...#.#.
.#.###.#.....##.
.###..[###...###.
###........###....
#.##.......##.#.
#.##...#.#.##.##


You could see a gnoll bouda (ally target) and 2 gnolls.

Vanquished Creatures
  Eustachio (D:4)
  A centaur (D:5)
  Blork the orc (D:4)
  2 jellies
  4 hounds
  An orc priest (D:4)
  Ijyb (D:3)
  An iguana (D:5)
  2 sleepcaps (D:4)
  3 orc wizards
  Natasha (thrice) (D:4)
  5 gnolls
  9 adders
  A white imp (D:5)
  An ufetubus (D:5)
  5 worms
  A dart slug (D:5)
  5 orcs
  3 ball pythons
  7 endoplasms
  A giant cockroach (D:2)
  6 goblins
  2 hobgoblins
  4 jackals
  5 quokkas
  4 bats
  2 frilled lizards (D:2)
  5 kobolds
  3 rats
89 creatures vanquished.

Vanquished Creatures (collateral kills)
  A foxfire (D:1)
1 creature vanquished.

Vanquished Creatures (others)
  244 foxfires
244 creatures vanquished.

Grand Total: 334 creatures vanquished

Notes
Turn   | Place    | Note
-------+----------+-------------------------------------------
     0 | D:1      | cheesebisquit the Draconian Fire Elementalist began the
                  | quest for the Orb.
     0 | D:1      | Reached XP level 1. HP: 14/14 MP: 3/3
    36 | D:1      | Found Yful Ponede's General Store.
   156 | D:1      | Reached XP level 2. HP: 20/20 MP: 0/5
   326 | D:1      | Found a faded altar of an unknown god.
   656 | D:2      | Reached XP level 3. HP: 26/26 MP: 4/6
   659 | D:2      | Reached skill level 4 in Fire Magic
   920 | D:2      | Reached XP level 4. HP: 33/33 MP: 6/8
  1896 | D:2      | Reached skill level 5 in Fire Magic
  1896 | D:2      | Reached XP level 5. HP: 26/38 MP: 9/9
  2284 | D:3      | Noticed Ijyb
  2299 | D:3      | Learned a level 2 spell: Scorch
  2303 | D:3      | Learned a level 3 spell: Inner Flame
  2307 | D:3      | Learned a level 3 spell: Kindle Blastsparks
  2378 | D:3      | Found a blossoming altar of Fedhas.
  2601 | D:3      | Found a hide-covered altar of Uskayaw.
  2659 | D:3      | Killed Ijyb
  2829 | D:4      | Noticed Natasha
  2833 | D:4      | Killed Natasha
  2933 | D:4      | Noticed Natasha
  2939 | D:4      | Killed Natasha
  2940 | D:4      | Reached XP level 6. HP: 44/45 MP: 6/11
  2961 | D:4      | Reached skill level 6 in Fire Magic
  3014 | D:4      | Noticed Blork the orc
  3022 | D:4      | Killed Blork the orc
  3210 | D:4      | Noticed Natasha
  3218 | D:4      | Killed Natasha
  3353 | D:4      | Your scales start taking on a glossy black colour.
  3353 | D:4      | Reached XP level 7. HP: 47/50 MP: 6/13
  3353 | D:4      | Gained mutation: You are resistant to electric shocks.
                  | (rElec) [Black Draconian growth]
  3487 | D:4      | Learned a level 4 spell: Flame Wave
  3494 | D:4      | Found an iron altar of Okawaru.
  3732 | D:4      | Found a broken altar of Ashenzari.
  3802 | D:4      | Found a hazy altar of Hepliaklqana.
  3869 | D:4      | Found a burning altar of Makhleb.
  3983 | D:4      | Noticed Eustachio
  4016 | D:4      | Killed Eustachio
  4017 | D:4      | Reached skill level 7 in Fire Magic
  4244 | D:5      | Entered Level 5 of the Dungeon
  4429 | D:5      | Reached skill level 5 in Spellcasting
  4444 | D:5      | Reached skill level 8 in Fire Magic
  4635 | D:5      | HP: 2/50 [gnoll/+0 halberd[a gnoll bouda] (7)]
  4635 | D:5      | Slain by a gnoll bouda

Illustrated notes

Levels and vault maps discovered:
D:1:      reono_arrival_mine, layout_basic, serial_shops, shop,
          basic_ecumenical_altar, serial_bayou_lagoon_a
D:2:      minmay_evil_eye, layout_loops_cross, moated_statue,
          nicolae_hexahallways
D:3:      layout_loops_ring, nicolae_uskayaw_suspiria,
          mainiacjoe_overflow_24_doors, uniq_ijyb
D:4:      layout_basic, bloody_makhleb, nicolae_overflow_hidden_temple,
          nicolae_concentric_dashed_squares_mild, uniq_eustachio,
          uniq_blork_the_orc, uniq_natasha
D:5:      nicolae_cairo_tiling, layout_basic, minmay_fractal_squares_gapless_5

Skill      XL: |  1  2  3  4  5  6  7 |
---------------+----------------------+-----
Fire Magic     | 4 5 6 8 |  8.1
Spellcasting   | 3 4 5 |  5.1
Dodging        | |  1.7
Stealth        | |  1.7
Conjurations   | |  1.0

Action                     |  1- 3 |  4- 6 |  7- 9 || total
---------------------------+-------+-------+-------++-------
  Melee: Unarmed           |    15 |    27 |     7 ||    49
         Tailslap          |     2 |     7 |     2 ||    11
         Punch             |       |       |     1 ||     1
   Cast: Foxfire           |    31 |    82 |    30 ||   143
         Scorch            |       |    26 |    20 ||    46
 Armour: Skin              |     4 |     7 |     3 ||    14
  Dodge: Dodged            |    12 |    32 |    29 ||    73

Table legend: (Time is in decaauts)
 A = Elapsed time spent in this place.
 B = Non-inter-level travel time spent in this place.
 C = Inter-level travel time spent in this place.
 D = Time resting spent in this place.
 E = Time spent auto-exploring this place.
 F = Levels seen in this place.
 G = Mean time per level.
                   A        B        C        D        E       F      G
               +--------+--------+--------+--------+--------+-----+--------+
         Total |   4651 |   4333 |    318 |    188 |   3439 |   5 |  930.2 |
       Dungeon |   4651 |   4333 |    318 |    188 |   3439 |   5 |  930.2 |
               +--------+--------+--------+--------+--------+-----+--------+

Top non-repeatable levels by time:
     D:4: 1538 daAuts
     D:2: 1371 daAuts
     D:3: 791 daAuts
     D:1: 599 daAuts
     D:5: 350 daAuts
